 Dungeon Crawl Stone Soup version 0.20-b1 (webtiles) character file.

378 inmateoo the Stinger (level 6, -2/49 HPs)
             Began as a Naga Venom Mage on May 18, 2017.
             Slain by Grinder (5 damage)
             ... while paralysed by Grinder
             ... on level 6 of the Dungeon.
             The game lasted 00:08:45 (3143 turns).

inmateoo the Stinger (Naga Venom Mage)              Turns: 3143, Time: 00:08:45

Health: -2/49      AC:  3    Str: 11    XL:     6   Next: 74%
Magic:  4/10       EV:  1    Int: 20    God:
Gold:   196        SH:  0    Dex: 13    Spells: 2/11 levels left

rFire    . . .     SeeInvis +   C - +3 whip (venom)
rCold    . . .     Gourm    .   (no shield)
rNeg     . . .     Faith    .   a - +0 robe
rPois    +         Spirit   .   (no helmet)
rElec    .         Reflect  .   (no cloak)
rCorr    .         Harm     .   (no gloves)
MR       .....                  (no barding)
Stlth    +++.......             (no amulet)
Regen    0.2/turn               m - ring of wizardry
MPRegen  0.2/turn               t - +5 ring of intelligence

@: paralysed, very slow
A: see invisible, deformed body, poison resistance, slowness 2, slow metabolism
1, spit poison 1, AC +2
a: Spit Poison


You were on level 6 of the Dungeon.
You were not hungry.

You visited 1 branch of the dungeon, and saw 6 of its levels.

You collected 196 gold pieces.

Inventory:

Hand Weapons
 g - a +4 dagger
 q - a +0 dagger of draining
 C - a +3 whip of venom (weapon)
Armour
 a - a +0 robe (worn)
Jewellery
 k - an uncursed ring of stealth {unknown}
 m - a ring of wizardry (left hand)
 t - a +5 ring of intelligence (right hand)
Scrolls
 d - a scroll of recharging
 j - a scroll of enchant armour {unknown}
 p - 3 scrolls of teleportation
Potions
 e - a potion of curing
 f - 3 potions of magic
 i - a potion of lignification
 n - 2 potions of agility {unknown}
 o - a potion of invisibility {unknown}
 s - a potion of resistance {unknown}
 w - a potion of brilliance
 z - a potion of heal wounds {unknown}
 A - 2 potions of cancellation
Books
 b - a Young Poisoner's Handbook

   Spells                             Type                      Level
   a - Sting                          Conjuration/Poison           1
   b - Poisonous Vapours              Poison/Air                   2
   c - Mephitic Cloud                 Conjuration/Poison/Air       3
   d - Olgreb's Toxic Radiance        Poison                       4
   e - Venom Bolt                     Conjuration/Poison           5
 l - a book of Misfortune

   Spells                             Type                      Level
   a - Confusing Touch                Hexes                        1
   b - Confuse                        Hexes                        3
   c - Gell's Gravitas                Translocation                3
   d - Petrify                        Transmutation/Earth          4
   e - Metabolic Englaciation         Hexes/Ice                    5
   f - Yara's Violent Unravelling     Hexes/Transmutation          5
Comestibles
 c - 3 bread rations
 h - a chunk of flesh
 r - a royal jelly
 x - 2 meat rations


   Skills:
 - Level 1.5 Dodging
 + Level 5.1 Stealth
 + Level 2.4 Unarmed Combat
 + Level 3.2 Spellcasting
 - Level 1.0 Conjurations
 + Level 1.1 Hexes
 * Level 6.9 Poison Magic


You had 2 spell levels left.
You knew the following spells:

 Your Spells              Type           Power        Failure   Level  Hunger
a - Sting                 Conj/Pois      ###.         1%          1    None
b - Poisonous Vapours     Pois/Air       ###...       1%          2    ##.....
c - Mephitic Cloud        Conj/Pois/Air  ##......     6%          3    ###....
d - Confuse               Hex            #.......     11%         3    ###....


Dungeon Overview and Level Annotations

Branches:
Dungeon (6/15)
 Temple: D:4-7

Altars:
The Shining One

Annotations:
D:6 Grinder; Zleub's ghost, novice MiFi


Innate Abilities, Weirdness & Mutations

You cannot wear boots.
Your serpentine skin is tough. (AC +2)
You have supernaturally acute eyesight. (SInv)
Armour fits poorly on your strangely shaped body.
Your system is resistant to poisons. (rPois)
You cover ground very slowly.
You have a slow metabolism.
You can spit poison.


Message History

Aiming: Confuse
Press: ? - help, Shift-Dir - straight line, f/p - Grinder
Aim: Grinder (moderately wounded, poisoned, chance to defeat MR: 38%) Grinder appears confused.
Unknown command.
Grinder seems less confused.
Grinder gestures at you.
You suddenly lose the ability to move!
Grinder gestures at you. You resist with some effort. Grinder hits you!
You writhe in agony.
Grinder hits you!
You writhe in agony.
* * * LOW HITPOINT WARNING * * *
Grinder gestures at you. Pain shoots through your body!
* * * LOW HITPOINT WARNING * * *
Grinder looks more healthy.
Grinder hits you!
* * * LOW HITPOINT WARNING * * *
Grinder hits you.
You die...

.##+#.........#..# #.
..............#..######## #.
..............+.z#...(..#####.
..............#..#......#...##
..............#..#..<...'....#
..............#..#......#....+
.......o......##'#......#..###
.....######..5..........#..###
.5. +..@..........#..... .
#.............#..... #
#.[.)<........#..... #.
#......)......#.....
#..####'#####?.....#####+
#...........#.....?......
#...........#######......
#.................#......
#.....†...........'......


You could see Grinder.

Vanquished Creatures
  2 bullfrogs
  A howler monkey (D:4)
  A worker ant (D:6)
  4 gnolls (D:4)
  5 adders
  A shadow imp (D:5)
  An ooze (D:2)
  2 worms
  3 dart slugs
  7 orcs
  5 giant cockroaches
  5 goblins
  7 hobgoblins
  7 jackals
  A ball python (D:2)
  10 bats
  5 frilled lizards
  8 kobolds
  8 rats
83 creatures vanquished.

Notes
Turn   | Place    | Note
-------+----------+-------------------------------------------
     0 | D:1      | inmateoo the Naga Venom Mage began the quest for the Orb.
     0 | D:1      | Reached XP level 1. HP: 15/15 MP: 3/3
   155 | D:1      | Reached XP level 2. HP: 18/22 MP: 3/5
   163 | D:1      | Learned a level 2 spell: Poisonous Vapours
   420 | D:1      | Reached skill level 1 in Unarmed Combat
   420 | D:1      | Reached XP level 3. HP: 13/28 MP: 2/6
   613 | D:1      | Learned a level 3 spell: Mephitic Cloud
   698 | D:2      | Reached skill level 5 in Poison Magic
  1309 | D:2      | Reached XP level 4. HP: 28/36 MP: 0/7
  2071 | D:3      | Found a glowing golden altar of the Shining One.
  2124 | D:3      | Reached XP level 5. HP: 39/42 MP: 0/9
  2129 | D:3      | Learned a level 3 spell: Confuse
  2397 | D:4      | Reached skill level 6 in Poison Magic
  2621 | D:4      | Noticed a phantom
  2622 | D:4      | Reached XP level 6. HP: 30/49 MP: 0/10
  2842 | D:5      | Entered Level 5 of the Dungeon
  2919 | D:6      | Noticed Zleub's ghost (novice MiFi)
  3032 | D:6      | Reached skill level 5 in Stealth
  3048 | D:6      | Reached skill level 1 in Hexes
  3104 | D:6      | Noticed Grinder
  3137 | D:6      | Paralysed by Grinder for 7 turns
  3143 | D:6      | Slain by Grinder

Skill      XL: |  1  2  3  4  5  6 |
---------------+-------------------+-----
Unarmed Combat | 1 2 |  2.4
Poison Magic   | 5 6 |  6.9
Stealth        | 4 5 |  5.1
Spellcasting   | 3 |  3.2
Hexes          | 1 |  1.1
Dodging        | |  1.5
Conjurations   | |  1.0

Action                   |  1- 3 |  4- 6 || total
-------------------------+-------+-------++-------
Melee: Dagger            |    46 |   117 ||   163
       Unarmed           |     1 |       ||     1
       Hand axe          |    28 |       ||    28
       Whip              |       |    30 ||    30
 Cast: Sting             |    16 |     7 ||    23
       Poisonous Vapours |     3 |    15 ||    18
       Mephitic Cloud    |     1 |     2 ||     3
       Confuse           |       |     9 ||     9
 Abil: Spit Poison       |     3 |     7 ||    10
  Use: Scroll            |       |    14 ||    14
 Stab: Sleeping          |     3 |     5 ||     8
       Confused          |     1 |     1 ||     2
  Eat: Chunk             |     1 |     5 ||     6
       Meat ration       |       |     1 ||     1
Armor: Robe              |    27 |    28 ||    55
Dodge: Dodged            |    60 |    85 ||   145
